 Dungeon Crawl Stone Soup version 0.27-a0-1384-g1422d76b99 (webtiles) character file.

Game seed: 17713554961950651008

84 kazelolz the Chopper (level 4, -4/60 HPs)
             Began as a Minotaur Berserker on June 30, 2021.
             Was a Believer of Trog.
             Slain by Sigmund (8 damage)
             ... on level 3 of the Dungeon.
             The game lasted 00:01:23 (1144 turns).

kazelolz the Chopper (Minotaur Berserker)           Turns: 1144, Time: 00:01:23

Health: -4/60      AC:  6    Str: 23    XL:     4   Next: 23%
Magic:  3/3        EV: 10    Int:  4    God:    Trog [**....]
Gold:   105        SH:  0    Dex:  9    Spells: 3/3 levels left

rFire    . . .     SeeInvis .   a - +0 hand axe
rCold    . . .     Faith    .   (no shield)
rNeg     . . .     Spirit   .   i - +0 scale mail
rPois    .         Reflect  .   (helmet restricted)
rElec    .         Harm     .   (no cloak)
rCorr    .         Rampage  .   (no gloves)
Will     .....                  (no boots)
Stlth    ..........             (no amulet)
HPRegen  0.20/turn              (no ring)
MPRegen  0.08/turn              (no ring)

@: berserking, very quick
A: horns 2, retaliatory headbutt
a: Renounce Religion, Berserk, Trog's Hand


You were on level 3 of the Dungeon.
You worshipped Trog.
Trog was pleased with you.
You visited 1 branch of the dungeon, and saw 3 of its levels.

You collected 105 gold pieces.

Inventory:

Hand Weapons
 a - a +0 hand axe (weapon)
Armour
 i - a +0 scale mail (worn)
Jewellery
 h - a ring of flight
Scrolls
 b - a scroll of vulnerability {unknown}
 c - a scroll of teleportation {unknown}
 d - 3 scrolls of identify {unknown}
 f - a scroll of summoning {unknown}
Potions
 e - 2 potions of curing {unknown}
 g - a potion of flight {unknown}
 j - a potion of heal wounds {unknown}
 k - a potion of resistance {unknown}


   Skills:
 + Level 4.1 Fighting
 + Level 5.5 Axes
 + Level 2.9 Armour
 + Level 2.3 Dodging


You had 3 spell levels left.
You didn't know any spells.
Your spell library was empty.

Dungeon Overview and Level Annotations

Branches:
Dungeon (3/15)

Altars:
Nemelex Xobeh

Annotations:
D:3 Natasha, Sigmund


Innate Abilities, Weirdness & Mutations

You have a pair of horns on your head.
You reflexively headbutt those who attack you in melee.


Message History

An adder skeleton comes into view.
Natasha, Servant of Life and Death comes into view.
Natasha hisses angrily.
Something hits you but does no damage.
Found a book of Callings.
Something hits you!
Your scale mail prevents you from hitting something.
You headbutt something. You hit the adder skeleton.
You hear some strange, mumbled words.
A magic dart appears from out of thin air!
The magic dart hits you. The adder skeleton barely misses you.
You miss something. You hit the adder skeleton. Something hits you!
The adder skeleton bites you but does no damage.
Natasha claws you.
* * * LOW HITPOINT WARNING * * *
A red film seems to cover your vision as you go berserk!
You feel yourself moving faster!
You feel mighty! Something hits you but does no damage.
The adder skeleton bites you but does no damage.
Natasha stares at you and mumbles some strange words.
The magic dart hits you.
* * * LOW HITPOINT WARNING * * *
You miss something. Your headbutt misses something. You closely miss Natasha.
You slash the adder skeleton!
You destroy the adder skeleton!
Trog accepts your kill. Something hits you!
* * * LOW HITPOINT WARNING * * *
Unknown command.
You hit something.
Your scale mail prevents you from hitting Natasha.
Natasha mumbles some strange words.
Something hits you but does no damage.
Unknown command.
You slash something! Your headbutt misses something. You hit Natasha.
Natasha claws you but does no damage.
Unknown command.
You barely miss something. You headbutt something. You slash Natasha!
Something hits you!
You die...

........... ..##....#
#.# #.......... ..#
....#####.##
###.#...<. ....
#..#......# .#... ..
#. #.........# # ...
#.###.....)...# ....
#..##..#......# .....
#.#....†.....#
......#...##.......#
....5.{@...........#
......h............#
.######...####.......
#.....# #...###.#
#.#....####.# ..
........:# ##
...........#
........#...


You could see an iron imp (summoned) and Natasha.

Vanquished Creatures
  A hound (D:2)
  An adder (D:2)
  An adder skeleton (D:3)
  A worm (D:2)
  A dart slug (D:2)
  3 endoplasms
  A giant cockroach (D:1)
  4 goblins
  3 hobgoblins (D:2)
  2 quokkas
  2 ball pythons (D:2)
  7 bats
  6 kobolds
  A rat (D:3)
34 creatures vanquished.

Notes
Turn   | Place    | Note
-------+----------+-------------------------------------------
     0 | D:1      | kazelolz the Minotaur Berserker began the quest for the
                  | Orb.
     0 | D:1      | Reached XP level 1. HP: 19/19 MP: 0/0
   280 | D:1      | Reached skill level 4 in Axes
   280 | D:1      | Reached XP level 2. HP: 27/27 MP: 1/1
   455 | D:1      | You fall into a shaft and drop 1 floor!
   565 | D:2      | Reached XP level 3. HP: 31/33 MP: 2/2
   667 | D:2      | Reached ** piety under Trog
   970 | D:2      | Reached skill level 5 in Axes
   970 | D:2      | Reached XP level 4. HP: 40/40 MP: 3/3
  1049 | D:3      | Found a sparkling altar of Nemelex Xobeh.
  1133 | D:3      | Noticed Sigmund
  1135 | D:3      | Noticed Natasha
  1144 | D:3      | Slain by Sigmund

Illustrated notes

Levels and vault maps discovered:
D:1:      dpeg_arrival_long_road, layout_loops_corners,
          ebering_ecumenical_altar_box, st_stairs_7
D:2:      layout_rooms, serial_curves, eino_curves_01, eino_curves_03,
          eino_curves_01, eino_curves_03
D:3:      layout_rooms, old_standard_altar, general_overflow_altar,
          uniq_sigmund, uniq_natasha, uniq_grinder

Skill      XL: |  1  2  3 |
---------------+----------+-----
Axes           | 4 5 |  5.5
Fighting       | 4 |  4.1
Armour         | |  2.9
Dodging        | |  2.3

Action                   |  1- 3 |  4- 6 || total
-------------------------+-------+-------++-------
Melee: Hand axe          |    49 |    14 ||    63
       Headbutt          |     9 |     3 ||    12
Invok: Berserk           |       |     1 ||     1
Armor: Animal skin       |    11 |       ||    11
       Ring mail         |     1 |       ||     1
       Scale mail        |     9 |    12 ||    21
Dodge: Dodged            |    49 |     3 ||    52

Table legend: (Time is in decaauts)
 A = Elapsed time spent in this place.
 B = Non-inter-level travel time spent in this place.
 C = Inter-level travel time spent in this place.
 D = Time resting spent in this place.
 E = Time spent auto-exploring this place.
 F = Levels seen in this place.
 G = Mean time per level.
                   A        B        C        D        E       F      G
               +--------+--------+--------+--------+--------+-----+--------+
         Total |   1147 |   1123 |     24 |      0 |    928 |   3 |  382.3 |
       Dungeon |   1147 |   1123 |     24 |      0 |    928 |   3 |  382.3 |
               +--------+--------+--------+--------+--------+-----+--------+

Top non-repeatable levels by time:
     D:2: 579 daAuts
     D:1: 456 daAuts
     D:3: 110 daAuts
